TOP OF THE 1ST |
Houston Hammertime batting - Pitching for Calgary Cowboys : RHP Luis Trujillo
|
Pitching: RHP Luis Trujillo
|
|
Batting: SHB Carlos Córdova
|
0-0: Called Strike 0-1: Foul Ball, location: 2F 0-2: Ball 1-2: Strikes out swinging
|
Batting: LHB Bartolo Villanueva
|
0-0: Ball 1-0: Ball 2-0: Foul Ball, location: 2F 2-1: Ball 3-1: Base on Balls
|
Batting: RHB Alonso Holguín
|
0-0: Called Strike 0-1: Ball 1-1: Called Strike 1-2: Ball 2-2: Ball 3-2: Base on Balls Bartolo Villanueva to second
|
Batting: RHB Dan Mason
|
0-0: Ball 1-0: Ball 2-0: Ball 3-0: Called Strike 3-1: Fly out, F4 (Popup, 4M)
|
Batting: RHB David Hernández
|
0-0: Foul Ball, location: 2F 0-1: Foul Ball, location: 2F 0-2: Foul Ball, location: 2F 0-2: Ball 1-2: Foul Ball, location: 2F 1-2: Foul Ball, location: 2F 1-2: Strikes out looking
|
Top of the 1st over - 0 run(s), 0 hit(s), 0 error(s), 2 left on base; Houston 0 - Calgary 0 |
BOTTOM OF THE 1ST |
Calgary Cowboys batting - Pitching for Houston Hammertime : RHP Kevin Bader
|
Pitching: RHP Kevin Bader
|
|
Batting: LHB Enrico Vargas
|
0-0: Ground out 4-3 (Groundball, 34)
|
Batting: RHB Jorge Balencia
|
0-0: SINGLE (Flyball, 8RS)
|
Batting: LHB Greg Nelson
|
0-0: Ball 1-0: Called Strike Jorge Balencia steals 2nd base 1-1: Called Strike 1-2: Foul Ball, location: 2F 1-2: Foul Ball, location: 2F 1-2: Foul Ball, location: 2F 1-2: Foul Ball, location: 2F 1-2: Fly out, F8 (Flyball, 8RM) Runner from 2nd tags up, SAFE at 3rd with throw
|
Batting: LHB José Liñares
|
0-0: Called Strike 0-1: Ball 1-1: Ball 2-1: Foul Ball, location: 2F 2-2: Foul Ball, location: 2F 2-2: Ball 3-2: Strikes out looking
|
Bottom of the 1st over - 0 run(s), 1 hit(s), 0 error(s), 1 left on base; Houston 0 - Calgary 0 |
TOP OF THE 2ND |
Houston Hammertime batting - Pitching for Calgary Cowboys : RHP Luis Trujillo
|
Batting: RHB Santo Cruz
|
0-0: Foul Ball, location: 2F 0-1: Foul Ball, location: 2F 0-2: Ball 1-2: SOLO HOME RUN (Flyball, 78XD), Distance : 421 ft
|
Batting: RHB Alberto Chávez
|
0-0: Foul Ball, location: 2F 0-1: Foul Ball, location: 2F 0-2: Strikes out looking
|
Batting: LHB Fernando Camacho
|
0-0: Ball 1-0: Foul Ball, location: 2F 1-1: Called Strike 1-2: Ball 2-2: Fly out, F9 (Flyball, 9S)
|
Batting: RHB José García
|
0-0: Ball 1-0: Ground out 6-3 (Groundball, 6)
|
Top of the 2nd over - 1 run(s), 1 hit(s), 0 error(s), 0 left on base; Houston 1 - Calgary 0 |
BOTTOM OF THE 2ND |
Calgary Cowboys batting - Pitching for Houston Hammertime : RHP Kevin Bader
|
Batting: RHB Dan Wyatt
|
0-0: Swinging Strike 0-1: Ball 1-1: Called Strike 1-2: Ball 2-2: Strikes out swinging
|
Batting: LHB Miguel Pérez
|
0-0: Ball 1-0: Called Strike 1-1: SINGLE (Groundball, 6MD)
|
Batting: RHB Ramón Martínez
|
0-0: Ball 1-0: Foul Ball, location: 2F 1-1: Called Strike 1-2: Strikes out swinging
|
Batting: RHB Tom Rowe
|
0-0: Ball 1-0: Called Strike 1-1: Ball 2-1: Foul Ball, location: 2F 2-2: Ball 3-2: Strikes out swinging
|
Bottom of the 2nd over - 0 run(s), 1 hit(s), 0 error(s), 1 left on base; Houston 1 - Calgary 0 |
TOP OF THE 3RD |
Houston Hammertime batting - Pitching for Calgary Cowboys : RHP Luis Trujillo
|
Batting: SHB Carlos Córdova
|
0-0: DOUBLE (Line Drive, 7LM)
|
Batting: LHB Bartolo Villanueva
|
0-0: Ball Throwing error on steal attempt, E2 Carlos Córdova scores 1-0: Foul Ball, location: 2F 1-1: Foul Ball, location: 2F 1-2: Fly out, F5 (Line Drive, 56)
|
Batting: RHB Alonso Holguín
|
0-0: Called Strike 0-1: Ball 1-1: Foul Ball, location: 2F 1-2: Foul Ball, location: 2F 1-2: Ball 2-2: Foul Ball, location: 2F 2-2: Foul Ball, location: 2F 2-2: Ground out 5-3 (Groundball, 56)
|
Batting: RHB Dan Mason
|
0-0: Ball 1-0: Ball 2-0: Swinging Strike 2-1: Swinging Strike 2-2: Strikes out looking
|
Top of the 3rd over - 1 run(s), 1 hit(s), 1 error(s), 0 left on base; Houston 2 - Calgary 0 |
BOTTOM OF THE 3RD |
Calgary Cowboys batting - Pitching for Houston Hammertime : RHP Kevin Bader
|
Batting: RHB Mario Sánchez
|
0-0: Ball 1-0: Foul Ball, location: 2F 1-1: Ball 2-1: Ground out 4-3 (Groundball, 4M)
|
Batting: LHB Enrico Vargas
|
0-0: Called Strike 0-1: Ball 1-1: Ball 2-1: Foul Ball, location: 2F 2-2: SINGLE (Line Drive, 9S)
|
Batting: RHB Jorge Balencia
|
0-0: Ball 1-0: Ball 2-0: Fly out, F4 (Popup, 4)
|
Batting: LHB Greg Nelson
|
0-0: Ball 1-0: Ball 2-0: Ball 3-0: Base on Balls Enrico Vargas to second
|
Batting: LHB José Liñares
|
0-0: SINGLE (Line Drive, 34) Enrico Vargas to third Greg Nelson to second Runner from 3rd tries for Home, SAFE, throw made at trailing runner, SAFE at third!
|
Batting: RHB Dan Wyatt
|
0-0: Fly out, F8 (Flyball, 8LS)
|
Bottom of the 3rd over - 1 run(s), 2 hit(s), 0 error(s), 2 left on base; Houston 2 - Calgary 1 |
TOP OF THE 4TH |
Houston Hammertime batting - Pitching for Calgary Cowboys : RHP Luis Trujillo
|
Batting: RHB David Hernández
|
0-0: Fly out, F7 (Flyball, 78S)
|
Batting: RHB Santo Cruz
|
0-0: SINGLE (Line Drive, 89S)
|
Batting: RHB Alberto Chávez
|
0-0: SINGLE (Line Drive, 7S) Santo Cruz to second
|
Batting: LHB Fernando Camacho
|
0-0: Ball 1-0: Foul Ball, location: 2F 1-1: Called Strike 1-2: Foul Ball, location: 2F 1-2: Ball 2-2: Ball 3-2: Foul Ball, location: 2F 3-2: Ground out 4-3 (Groundball, 4) Santo Cruz to third Alberto Chávez to second
|
Batting: RHB José García
|
0-0: Ball 1-0: Ball 2-0: Ground out 5-3 (Groundball, 56S)
|
Top of the 4th over - 0 run(s), 2 hit(s), 0 error(s), 2 left on base; Houston 2 - Calgary 1 |
BOTTOM OF THE 4TH |
Calgary Cowboys batting - Pitching for Houston Hammertime : RHP Kevin Bader
|
Batting: LHB Miguel Pérez
|
0-0: Fly out, F9 (Line Drive, 9)
|
Batting: RHB Ramón Martínez
|
0-0: Called Strike 0-1: Foul Ball, location: 2F 0-2: Foul Ball, location: 2F 0-2: Strikes out swinging
|
Batting: RHB Tom Rowe
|
0-0: Swinging Strike 0-1: Ball 1-1: SINGLE (Line Drive, 4D)
|
Batting: RHB Mario Sánchez
|
0-0: Called Strike 0-1: Ball 1-1: Called Strike 1-2: Ball 2-2: Ball 3-2: Fly out, F9 (Flyball, 9)
|
Bottom of the 4th over - 0 run(s), 1 hit(s), 0 error(s), 1 left on base; Houston 2 - Calgary 1 |
TOP OF THE 5TH |
Houston Hammertime batting - Pitching for Calgary Cowboys : RHP Luis Trujillo
|
Batting: SHB Carlos Córdova
|
0-0: Ball 1-0: Foul Ball, location: 2F 1-1: Swinging Strike 1-2: Strikes out swinging
|
Batting: LHB Bartolo Villanueva
|
0-0: Ball 1-0: Called Strike 1-1: Ball 2-1: DOUBLE (Line Drive, 9LS)
|
Batting: RHB Alonso Holguín
|
0-0: Ball 1-0: Ball 2-0: Ball 3-0: Base on Balls
|
Batting: RHB Dan Mason
|
0-0: Foul Ball, location: 2F Error on foul ball, E2 0-2: Ball 1-2: Ball 2-2: Ball 3-2: Foul Ball, location: 2F 3-2: Strikes out swinging
|
Batting: RHB David Hernández
|
0-0: Ball Passed Ball! Bartolo Villanueva to third Alonso Holguín to second 1-0: Fly out, F8 (Flyball, 8RM)
|
Top of the 5th over - 0 run(s), 1 hit(s), 1 error(s), 2 left on base; Houston 2 - Calgary 1 |
BOTTOM OF THE 5TH |
Calgary Cowboys batting - Pitching for Houston Hammertime : RHP Kevin Bader
|
Batting: LHB Enrico Vargas
|
0-0: Called Strike 0-1: Called Strike 0-2: Ground out 4-3 (Groundball, 34)
|
Batting: RHB Jorge Balencia
|
0-0: Ball 1-0: SINGLE (Groundball, 4MD)
|
Batting: LHB Greg Nelson
|
0-0: Ball 1-0: Foul Ball, location: 2F 1-1: Swinging Strike 1-2: Ball 2-2: Strikes out swinging Jorge Balencia is caught stealing 2nd base Batter strikes out.
|
Bottom of the 5th over - 0 run(s), 1 hit(s), 0 error(s), 0 left on base; Houston 2 - Calgary 1 |
TOP OF THE 6TH |
Houston Hammertime batting - Pitching for Calgary Cowboys : RHP Luis Trujillo
|
Batting: RHB Santo Cruz
|
0-0: Ball 1-0: Ball 2-0: Ball 3-0: Base on Balls
|
Pitching: RHP Mitsunari Jouda
|
|
Batting: RHB Alberto Chávez
|
0-0: Foul Ball, location: 2F 0-1: Ball 1-1: Fly out, F6 (Popup, 5D)
|
Batting: LHB Fernando Camacho
|
0-0: Ball 1-0: Foul Ball, location: 2F 1-1: Ball 2-1: Ball 3-1: Foul Ball, location: 2F 3-2: Fly out, F9 (Flyball, 9LSF)
|
Batting: RHB José García
|
0-0: Called Strike 0-1: Foul Ball, location: 2F 0-2: Strikes out looking
|
Top of the 6th over - 0 run(s), 0 hit(s), 0 error(s), 1 left on base; Houston 2 - Calgary 1 |
BOTTOM OF THE 6TH |
Calgary Cowboys batting - Pitching for Houston Hammertime : RHP Kevin Bader
|
Batting: LHB José Liñares
|
0-0: Called Strike 0-1: Ball 1-1: Ball 2-1: Foul Ball, location: 2F 2-2: Ball 3-2: Foul Ball, location: 2F 3-2: Ground out 3-1 (Groundball, 34S)
|
Batting: RHB Dan Wyatt
|
0-0: Called Strike 0-1: Ball 1-1: SINGLE (Line Drive, 6MD)
|
Batting: LHB Miguel Pérez
|
0-0: Fly out, F9 (Line Drive, 9D)
|
Batting: RHB Ramón Martínez
|
0-0: Ball 1-0: Fly out, F4 (Line Drive, 4)
|
Bottom of the 6th over - 0 run(s), 1 hit(s), 0 error(s), 1 left on base; Houston 2 - Calgary 1 |
TOP OF THE 7TH |
Houston Hammertime batting - Pitching for Calgary Cowboys : RHP Mitsunari Jouda
|
Batting: SHB Carlos Córdova
|
0-0: Called Strike 0-1: Foul Ball, location: 2F 0-2: Ball 1-2: SINGLE (Groundball, 6MD)
|
Pitching: LHP Alfredo Durán
|
|
Batting: LHB Bartolo Villanueva
|
|
Pinch Hitting: RHB Carlos Pérez
|
0-0: Ball 1-0: Ball 2-0: Bunt missed! 2-1: Ball Carlos Córdova steals 2nd base 3-1: Bunted foul 3-2: Foul Ball, location: 2F 3-2: SINGLE (Groundball, 6MD) Carlos Córdova to third
|
Pitching: RHP Esteban Alfonzo
|
|
Pinch Hitting: LHB Juan Cabañas
|
0-0: Called Strike 0-1: Ball 1-1: Ball 2-1: Ball 3-1: Base on Balls Carlos Pérez to second
|
Pinch Hitting: LHB Pat Jones
|
0-0: Ball 1-0: Ball 2-0: Called Strike 2-1: Ball 3-1: Called Strike 3-2: Base on Balls Carlos Córdova scores Carlos Pérez to third Juan Cabañas to second
|
Batting: RHB David Hernández
|
0-0: Called Strike 0-1: Ball 1-1: Foul Ball, location: 2F 1-2: Strikes out swinging
|
Batting: RHB Santo Cruz
|
0-0: Called Strike 0-1: Ball 1-1: Ball 2-1: Ball 3-1: Fly out, F9 (Flyball, 9D) Runner from 3rd tags up, SCORES, no throw Juan Cabañas to third
|
Batting: RHB Alberto Chávez
|
0-0: Called Strike 0-1: Ball 1-1: Fielders Choice at 2nd, 6-4 (Groundball, 6)
|
Top of the 7th over - 2 run(s), 2 hit(s), 0 error(s), 1 left on base; Houston 4 - Calgary 1 |
BOTTOM OF THE 7TH |
Calgary Cowboys batting - Pitching for Houston Hammertime : RHP Kevin Bader
|
Now in LF: Juan Cabañas
|
|
Now in CF: Pedro Meza
|
|
Now in RF: Enrique Valentín
|
|
Batting: RHB Tom Rowe
|
0-0: Foul Ball, location: 2F 0-1: Swinging Strike 0-2: Ball 1-2: SINGLE (Line Drive, 6MD)
|
Pitching: RHP Andrés Rivera
|
|
Batting: RHB Mario Sánchez
|
0-0: Called Strike Tom Rowe steals 2nd base 0-1: Fly out, F8 (Flyball, 89S)
|
Batting: LHB Enrico Vargas
|
0-0: Called Strike 0-1: Ball 1-1: Ball 2-1: Ball 3-1: Foul Ball, location: 2F 3-2: Foul Ball, location: 2F 3-2: Strikes out swinging
|
Batting: RHB Jorge Balencia
|
0-0: Ground out 5-3 (Groundball, 56)
|
Bottom of the 7th over - 0 run(s), 1 hit(s), 0 error(s), 1 left on base; Houston 4 - Calgary 1 |
TOP OF THE 8TH |
Houston Hammertime batting - Pitching for Calgary Cowboys : RHP Esteban Alfonzo
|
Batting: LHB Fernando Camacho
|
0-0: Called Strike 0-1: Ball 1-1: Called Strike 1-2: Ball 2-2: Ball 3-2: Foul Ball, location: 2F 3-2: SINGLE (Line Drive, 4M)
|
Batting: RHB José García
|
0-0: Sac Bunt - play at first, batter OUT! 2-3 Fernando Camacho to second
|
Batting: SHB Carlos Córdova
|
0-0: Intentional Walk
|
Batting: RHB Pedro Meza
|
0-0: Ball 1-0: Ball 2-0: Fly out, F5 (Popup, 5L)
|
Batting: LHB Juan Cabañas
|
0-0: Ball 1-0: Called Strike 1-1: Foul Ball, location: 2F 1-2: Ball 2-2: Foul Ball, location: 2F 2-2: SINGLE (Line Drive, 4D) Fernando Camacho to third Carlos Córdova to second Runner from 3rd tries for Home, SAFE, throw made home Carlos Córdova to third Juan Cabañas to second
|
Batting: LHB Enrique Valentín
|
0-0: Ball 1-0: Foul Ball, location: 2F 1-1: Foul Ball, location: 2F 1-2: Foul Ball, location: 2F 1-2: Strikes out swinging
|
Top of the 8th over - 1 run(s), 2 hit(s), 0 error(s), 2 left on base; Houston 5 - Calgary 1 |
BOTTOM OF THE 8TH |
Calgary Cowboys batting - Pitching for Houston Hammertime : RHP Andrés Rivera
|
Batting: LHB Greg Nelson
|
0-0: Ball 1-0: Called Strike 1-1: SINGLE (Line Drive, 8RS)
|
Batting: LHB José Liñares
|
0-0: Swinging Strike 0-1: Ball 1-1: Ball 2-1: Ball 3-1: Base on Balls Greg Nelson to second
|
Pitching: RHP António Galindo
|
|
Batting: RHB Dan Wyatt
|
0-0: Foul Ball, location: 2F 0-1: Called Strike 0-2: Ball 1-2: Ball 2-2: Foul Ball, location: 2F 2-2: SINGLE (Line Drive, 8LS) Greg Nelson to third José Liñares to second
|
Batting: LHB Miguel Pérez
|
0-0: Ball 1-0: Ball 2-0: Foul Ball, location: 2F 2-1: Foul Ball, location: 2F 2-2: Fielders Choice at 2nd, 3-6 (Groundball, 3) Greg Nelson scores José Liñares to third
|
Batting: RHB Ramón Martínez
|
0-0: Called Strike 0-1: Ball 1-1: Swinging Strike 1-2: Foul Ball, location: 2F 1-2: Ball 2-2: Strikes out looking
|
Batting: RHB Tom Rowe
|
0-0: Fielders Choice at 2nd, 4-6 (Groundball, 4)
|
Bottom of the 8th over - 1 run(s), 2 hit(s), 0 error(s), 1 left on base; Houston 5 - Calgary 2 |
TOP OF THE 9TH |
Houston Hammertime batting - Pitching for Calgary Cowboys : RHP Esteban Alfonzo
|
Batting: RHB David Hernández
|
0-0: Called Strike 0-1: SINGLE (Groundball, 6MD)
|
Batting: RHB Santo Cruz
|
0-0: Bunted foul 0-1: Bunted foul 0-2: Grounds into double play, 4-6-3 (Groundball, 4M)
|
Batting: RHB Alberto Chávez
|
0-0: SOLO HOME RUN (Flyball, 7D), Distance : 386 ft
|
Pitching: RHP Arthur Benson
|
|
Batting: LHB Fernando Camacho
|
0-0: Ball 1-0: Ball 2-0: Fly out, F9 (Flyball, 9LM)
|
Top of the 9th over - 1 run(s), 2 hit(s), 0 error(s), 0 left on base; Houston 6 - Calgary 2 |
BOTTOM OF THE 9TH |
Calgary Cowboys batting - Pitching for Houston Hammertime : RHP António Galindo
|
Batting: RHB Mario Sánchez
|
0-0: Called Strike 0-1: Foul Ball, location: 2F 0-2: Ball 1-2: Foul Ball, location: 2F 1-2: DOUBLE (Line Drive, 9LM)
|
Batting: LHB Enrico Vargas
|
0-0: Ball 1-0: Foul Ball, location: 2F 1-1: Ball 2-1: Swinging Strike 2-2: Foul Ball, location: 2F 2-2: Ball 3-2: DOUBLE (Line Drive, 89S) Mario Sánchez scores
|
Batting: RHB Jorge Balencia
|
0-0: Ball 1-0: Foul Ball, location: 2F 1-1: Ball 2-1: TRIPLE (Flyball, 89XD) Enrico Vargas scores
|
Batting: LHB Greg Nelson
|
0-0: Ball 1-0: Swinging Strike 1-1: Ball 2-1: Foul Ball, location: 2F 2-2: Foul Ball, location: 2F 2-2: SINGLE (Line Drive, 34D) Jorge Balencia scores
|
Batting: LHB José Liñares
|
0-0: SINGLE (Groundball, 56) (infield hit) Greg Nelson to second
|
Pinch Runner at 2nd Derek Carr:
|
|
Batting: RHB Dan Wyatt
|
0-0: Ball 1-0: Fly out, F5 (Line Drive, 56)
|
Batting: LHB Miguel Pérez
|
0-0: Ball 1-0: Swinging Strike 1-1: Ground out 5-3 (Groundball, 56S) Derek Carr to third José Liñares to second
|
Pinch Hitting: LHB Del Kennedy
|
0-0: Ball 1-0: Ball 2-0: Ground out 5-3 (Groundball, 56)
|
Bottom of the 9th over - 3 run(s), 5 hit(s), 0 error(s), 2 left on base; Houston 6 - Calgary 5 |
|